← All builds
Front / Legion / Economy first / OBSERVED BUILD

Standard front

Legion Front build order · Supreme Isthmus

Builds a Legion Vehicle Plant immediately, fights with Lance and Barrage toward middle, and takes an Advanced Metal Extractor around 9:22 as the standard eco-first Front play.

#eco · 56 distinct matches · 24 players · 81% of Legion Front games · team won 58% of 59 · Recently observed

HOW TO PLAY IT

Key timing: Legion Vehicle Plant by 0:55

  1. Take mex and wind, then rush Legion Vehicle Plant immediately.
  2. Finish Legion Vehicle Plant fast to start Barrage and Lance.
  3. Send first units to the coast to stop leaks, not middle.
  4. Push Barrage and Lance to the coast line before moving to mid.
  5. Add Advanced Metal Extractor and keep mixed vehicle army flowing.

Phase by phase

TYPICAL OF ITS 56 GAMES
  1. 1
  2. 2
  3. 3
PLAY THE OPENING

Follow the example game's first 6:00 step by step: what to build now, what comes next, and where it goes. At 1× it keeps pace with your own game.

  1. 1

    Up to the Legion Vehicle Plant

    Economy
    • Metal Extractor2Mex
    • Wind Turbine1Wind
    Order
    1. Legion Vehicle PlantLegion Vehicle Plant after 2 mex, 1 winddone ~0:47, middle half 0:37–0:55

    By 0:24 in all: 2 mex · 1 wind

    The example game in this phase · 74 steps
    1. Mex ×2
    2. Wind
    3. Legion Bot LabLegion Bot Labdone 0:41
    4. GoblinGoblin ×2
    5. Wind
    6. GoblinGoblin
    7. Wind
    8. GoblinGoblin
    9. Wind
    10. GoblinGoblin
    11. Wind
    12. GoblinGoblin
    13. Legion Construction BotLegion Construction Bot ×2
    14. Mex
    15. Legion Construction BotLegion Construction Bot
    16. BallistaBallista
    17. Mex
    18. BallistaBallista
    19. Mex
    20. Wind
    21. BallistaBallista
    22. Mex
    23. BallistaBallista
    24. Wind
    25. Radar TowerRadar Tower
    26. PharosPharos
    27. BallistaBallista
    28. PharosPharos
    29. BallistaBallista
    30. PharosPharos
    31. BallistaBallista
    32. PharosPharos
    33. BallistaBallista ×3
    34. ZagreusZagreus
    35. PharosPharos
    36. ZagreusZagreus
    37. Radar TowerRadar Tower
    38. BallistaBallista
    39. Radar TowerRadar Tower
    40. BallistaBallista ×3
    41. ArgusArgus
    42. BallistaBallista
    43. Dragon's TeethDragon's Teeth ×4
    44. BallistaBallista
    45. HiveHive
    46. BallistaBallista
    47. Legion DroneLegion Drone ×3
    48. HiveHive
    49. Legion DroneLegion Drone ×3
    50. HiveHive
    51. Legion DroneLegion Drone ×4
    52. Wind
    53. Legion DroneLegion Drone ×4
    54. Wind
    55. Dragon's TeethDragon's Teeth ×2
    56. Legion DroneLegion Drone
    57. Dragon's TeethDragon's Teeth
    58. Legion DroneLegion Drone
    59. Dragon's TeethDragon's Teeth ×2
    60. Wind
    61. Dragon's TeethDragon's Teeth
    62. Legion DroneLegion Drone
    63. Dragon's TeethDragon's Teeth ×4
    64. Wind
    65. Legion DroneLegion Drone
    66. Dragon's TeethDragon's Teeth
    67. Legion DroneLegion Drone ×4
    68. Wind
    69. Legion DroneLegion Drone ×4
    70. Wind
    71. BallistaBallista
    72. Radar TowerRadar Tower
    73. Legion DroneLegion Drone ×2
    74. Legion Vehicle PlantLegion Vehicle Plantdone 7:52 · typical 0:47
  2. 2

    Legion Vehicle Plant to 5:00

    Economy
    • Metal Extractor4Mex
    • Wind Turbine7Wind
    Builders
    • Legion Construction Vehicle2 Legion Construction Vehicle
    Army
    • Pharos3 Pharos
    • Wheelie3 Wheelie
    • Lance3 Lance
    • Barrage2 Barrage

    Some games also: Decurion (47%) · con turret (41%) · Radar Tower (37%)

    By 5:00 in all: 6 mex · 8 wind

  3. 3

    5:00 to 10:00

    Economy
    • Metal Extractor1Mex
    • Wind Turbine17Wind
    Builders
    • Construction Turret1 Con turret
    Army
    • Pharos2 Pharos
    • Lance3 Lance

    Some games also: Decurion (46%) · Legion Construction Vehicle (46%) · energy storage (42%) · Radar Tower (41%) · Barrage (39%)

    By 10:00 in all: 7 mex · 24 wind · 1 energy storage · 2 con turret

    The example game in this phase · 49 steps
    1. Legion DroneLegion Drone ×3
    2. BallistaBallista
    3. Legion DroneLegion Drone ×3
    4. BarrageBarrage
    5. Legion DroneLegion Drone ×4
    6. BallistaBallista
    7. Legion DroneLegion Drone ×6
    8. BallistaBallista
    9. DecurionDecurion
    10. Legion DroneLegion Drone ×2
    11. BallistaBallista ×3
    12. Legion Construction BotLegion Construction Bot
    13. ZagreusZagreus ×2
    14. Legion Construction BotLegion Construction Bot
    15. BallistaBallista ×2
    16. Radar TowerRadar Tower
    17. BallistaBallista ×2
    18. Dragon's TeethDragon's Teeth ×3
    19. BallistaBallista
    20. Dragon's TeethDragon's Teeth ×2
    21. BallistaBallista
    22. Dragon's TeethDragon's Teeth ×2
    23. BallistaBallista ×4
    24. Dragon's TeethDragon's Teeth
    25. BallistaBallista
    26. Dragon's TeethDragon's Teeth ×4
    27. BallistaBallista
    28. Dragon's TeethDragon's Teeth
    29. BallistaBallista ×2
    30. Advanced Metal ExtractorT2 mexdone 12:58
    31. BallistaBallista ×7
    32. Energy storage
    33. Wind
    34. BallistaBallista
    35. Wind
    36. BallistaBallista
    37. Wind
    38. Advanced Metal ExtractorT2 mex
    39. Mex
    40. BallistaBallista
    41. Wind
    42. Con turret
    43. BallistaBallista
    44. Radar TowerRadar Tower
    45. BallistaBallista ×5
    46. Advanced Metal ExtractorT2 mex
    47. BallistaBallista ×2
    48. PharosPharos
    49. BallistaBallista ×4

Counts are medians over the build's games: half of them build more, half fewer. The example game is XXMACGAMERXX's (33 OS, 09/09/2026); pick another.

Team trades

IN AT LEAST 30% OF ITS GAMES

You hand over

Nothing regular.

You get

  • Tidal Generator4 Tidal from Pondfirst at 0:15 · in 39% of games
  • Tidal Generator4 Tidal from Pondfirst at 0:17 · in 34% of games
  • Advanced Construction Bot1 T2 con bot from Geo or Techfirst at 7:21 · in 46% of games

How it plays out

Typical game of this build, running totals by minute

Metal produced

010k20k30k
0:005:0010:0015:00

metal

Enemy metal destroyed

02.5k5k7.5k
0:005:0010:0015:00

metal

Own metal lost

05k10k
0:005:0010:0015:00

metal

59 games.

Show as table
ByMetal produced: This buildEnemy metal destroyed: This buildOwn metal lost: This build
1:0033000
2:008382123
3:0016389369
4:002737275204
5:003791660400
6:0049471490930
7:00609523701439
8:00734930131961
9:00889037552931
10:001041143813770
11:001252947474213
12:001457657794939
13:001624661086040
14:001891267966680
15:002093572128266
WHAT THE NUMBERS SAY

Standard front play, won more often than the other front position's economy-first build with less metal produced.

  • + Won 59% of games despite producing less metal than Geo sea's build.
  • − Loses more metal early than it destroys (333 lost vs 602 destroyed by 5:00 is the only positive window).
THE EXAMPLE YOU ARE READING

XXMACGAMERXX

33.4 OS · 09/09/2026

Open source match ↗

6 received units · includes a constructor
78 metal received · 23794 energy received

Allied construction assistance is unknown. Timings are observations, not a promise of solo reproducibility.

Typical milestones

Legion Vehicle Plant0:47Middle 50%: 0:37–0:55 · n=42
Advanced Metal Extractor9:13Middle 50%: 8:38–10:20 · n=39

Played most by

Hummell13games of this buildXuunnY8games of this buildXXMACGAMERXX5games of this build[Crd]Atlas4games of this buildTheGeneraI3games of this build